 Dungeon Crawl Stone Soup version 0.17.0-28-g6e173f8 (webtiles) character file.

12509 septik the Black Belt (level 11, -6/92 HPs)
             Began as a Naga Monk on Nov 25, 2015.
             Was the Champion of Cheibriados.
             Mangled by a spiny frog (20 damage)
             ... on level 11 of the Dungeon.
             The game lasted 00:35:12 (10534 turns).

septik the Black Belt (Naga Monk)                  Turns: 10534, Time: 00:35:12

Health: -6/92      AC: 12    Str: 29    XL:     11   Next: 94%
Magic:  14/14      EV: 11    Int: 31    God:    Cheibriados [******]
Gold:   563        SH:  0    Dex: 31    Spells: 0 memorised, 10 levels left

rFire  . . .     SeeInvis +       - Unarmed
rCold  . . .     Clarity  .     d - +0 scale mail
rNeg   . . .     SustAt   .     (no shield)
rPois  +         Gourm    .     (no helmet)
rElec  .         Spirit   .     c - +1 cloak
rCorr  .         Warding  .     x - +2 pair of gloves
rMut   .         Stasis   .     (no barding)
MR     ++...                    (no amulet)
Stlth  +++.......               e - ring of protection from magic
                                F - +5 ring of intelligence

@: lethally poisoned (-6 -> -51), very slow, very resistant to hostile
enchantments, fairly stealthy
A: see invisible, deformed body, poison resistance, slowness 2, slow metabolism
1, spit poison 2, AC +3
a: Spit Poison, Bend Time, Temporal Distortion, Slouch, Step From Time, Renounce
Religion


You were on level 11 of the Dungeon.
You worshipped Cheibriados.
Cheibriados was exalted by your worship.
You were not hungry.

You visited 1 branch of the dungeon, and saw 11 of its levels.
You also visited: Sewer.

You collected 563 gold pieces.

Inventory:

Missiles
 g - 393 stones (quivered)
Armour
 a - a +0 robe
 c - a +1 cloak (worn)
 d - a +0 scale mail (worn)
 f - a +0 buckler
 q - a +0 large shield
 x - a +2 pair of gloves (worn)
 I - a +2 robe of magic resistance
 P - a +2 robe of magic resistance
 Q - a +2 robe of magic resistance
Jewellery
 e - a ring of protection from magic (right hand)
 v - an uncursed ring of magical power
 F - a +5 ring of intelligence (left hand)
 H - a +4 ring of dexterity {unknown}
 R - an uncursed ring of protection from magic
Wands
 w - a wand of slowing (31)
 C - a wand of polymorph (11)
 N - a wand of paralysis (10)
 O - a wand of invisibility (5)
 T - a wand of flame (24)
 V - a wand of confusion (12)
Scrolls
 i - 7 scrolls of identify
 n - 2 scrolls of blinking {unknown}
 r - 4 scrolls of remove curse
 y - 2 scrolls of teleportation
 z - 3 scrolls of enchant armour
 B - a scroll of enchant weapon {unknown}
 D - 2 scrolls of immolation {unknown}
 G - a scroll of fear
 U - a scroll of fog
Potions
 o - a potion of lignification
 p - 2 potions of heal wounds
 s - 2 potions of haste
 t - 2 potions of agility
 A - 4 potions of curing {unknown}
 E - a potion of cure mutation {unknown}
 L - a potion of poison {unknown}
 M - a potion of cancellation {unknown}
 S - a potion of brilliance {unknown}
 W - a potion of mutation {unknown}
Books
 l - a book of Burglary

   Spells                             Type                      Level
   a - Swiftness                      Charms/Air                   2
   b - Passwall                       Transmutation/Earth          3
   c - Passage of Golubria            Translocation                4
   d - Lee's Rapid Deconstruction     Earth                        5
   e - Darkness                       Hexes                        6
   f - Invisibility                   Hexes                        6
 m - a book of the Dragon

   Spells                             Type                      Level
   a - Flame Tongue                   Conjuration/Fire             1
   b - Cause Fear                     Hexes                        4
   c - Bolt of Fire                   Conjuration/Fire             6
   d - Dragon Form                    Transmutation                7
   e - Dragon's Call                  Summoning                    9
 J - a book of Envenomations

   Spells                             Type                      Level
   a - Spider Form                    Transmutation/Poison         3
   b - Alistair's Intoxication        Transmutation/Poison         4
   c - Olgreb's Toxic Radiance        Poison                       4
   d - Poisonous Cloud                Conjuration/Poison/Air       6
Comestibles
 b - 6 bread rations
 h - 7 meat rations
 j - 3 fruits
 k - 6 beef jerkies
 u - a slice of pizza
 K - 7 royal jellies
 X - 12 chunks of flesh


   Skills:
 + Level 4.1 Fighting
 + Level 2.4 Armour
 + Level 3.4 Dodging
 - Level 6.7 Stealth
 + Level 2.0 Shields
 - Level 16.2 Unarmed Combat
 * Level 4.6 Invocations


You had 10 spell levels left.
You didn't know any spells.

Dungeon Overview and Level Annotations

Branches:
Dungeon (11/15)            Temple (0/1) D:5
   Lair: D:8-11         Orc: D:9-12

Altars:
Ashenzari
Cheibriados
Dithmenos
Elyvilon
Fedhas
Gozag
Kikubaaqudgha
Nemelex Xobeh
Sif Muna
Trog
Vehumet
Xom
The Shining One

Annotations:
D:10 Statics's ghost, journeyman MiFi
D:11 Maurice


Innate Abilities, Weirdness & Mutations

You cannot wear boots.
Your serpentine skin is tough (AC +3).
You have supernaturally acute eyesight.
Armour fits poorly on your strangely shaped body.
Your system is resistant to poisons.
You cover ground very slowly.
You have a slow metabolism.
You can spit poison.


Message History

The yak gores you!
You hit the yak.
The yak is moderately wounded.
The yak gores you but does no damage. The spiny frog stings you!
You are poisoned.
The spiny frog poisons you!
You feel very sick. The yak barely misses you.
The spiny frog completely misses you. The yak gores you but does no damage.
The spiny frog stings you!
You are more poisoned.
The spiny frog poisons you! The yak gores you.
You see here a crocodile skeleton.
You feel very sick. The spiny frog stings you!!
* * * LOW HITPOINT WARNING * * *
You are more poisoned.
The spiny frog poisons you!
The yak snorts and paws the ground.
The spiny frog stings you!!
You die...

#.... #.)P.. ..... # #....
. ##'######## ##...♣ .♣
#.....[...#### #....♣...
#.....))..'..## #........
#.........##..###..P.♣...
.'.........###.)@FY.(.....
.#.........# #######..♣...
#..>......# ....♣.
########)## ...(. ##..#
..P.. #..## #... #.## ..#
. ######.###### ..
#............#
#########+##.#


You could see a yak and a spiny frog.

Vanquished Creatures
  Erolcha (D:10)
  Erica (D:9)
  The ghost of Nicoed the Changer, a novice DrTm of Cheibriados (D:8)
  A hill giant (D:11)
  Joseph (D:8)
  Psyche (D:9)
  A gargoyle (D:11)
  A queen bee (D:8)
  A troll (D:10)
  A two-headed ogre (D:11)
  2 yaks (D:11)
  A deep elf mage (D:9)
  Eustachio (D:5)
  A basilisk (D:11)
  A hungry ghost (D:8)
  2 hippogriffs
  2 wyverns
  4 porcupines (D:11)
  3 water moccasins
  2 black bears
  9 ogres
  2 orc warriors
  2 ice beasts
  2 sky beasts
  An eye of draining (D:10)
  A phantom (D:10)
  A necrophage (D:5)
  2 centaurs
  A big kobold (D:8)
  6 crocodiles
  Blork the orc (D:5)
  2 gnoll sergeants
  8 giant frogs
  A scorpion (D:9)
  27 killer bees
  3 wights (D:9)
  2 crimson imps
  2 hounds
  A giant frog zombie (D:11)
  3 centaur skeletons
  3 giant frog skeletons
  5 orc priests
  6 jellies
  Ijyb (D:2)
  12 orc wizards
  4 quasits
  8 worker ants
  3 iguanas
  A hound zombie (D:9)
  A hound skeleton (D:8)
  A worker ant zombie (D:10)
  10 adders
  2 river rats (D:11)
  12 gnolls
  2 shadow imps (D:6)
  An ooze (D:1)
  An adder skeleton (D:7)
  5 worms
  6 giant geckos
  32 orcs
  2 ball pythons
  8 bats
  9 giant cockroaches
  7 goblins
  12 hobgoblins
  17 jackals
  10 kobolds
  4 quokkas
  A giant gecko skeleton (D:5)
  4 giant newts
  15 rats
  A rat zombie (D:2)
312 creatures vanquished.

Vanquished Creatures (others)
  3 fungi (D:11)
  4 plants (D:11)
7 creatures vanquished.

Grand Total: 319 creatures vanquished

Notes
Turn   | Place    | Note
--------------------------------------------------------------
     0 | D:1      | septik the Naga Monk began the quest for the Orb.
     0 | D:1      | Reached XP level 1. HP: 21/21 MP: 1/1
    76 | D:1      | Reached XP level 2. HP: 13/28 MP: 2/2
   454 | D:1      | Reached XP level 3. HP: 25/34 MP: 3/3
   531 | D:1      | Reached skill level 5 in Unarmed Combat
   789 | D:2      | Noticed Ijyb
   820 | D:2      | Killed Ijyb
   820 | D:2      | Reached XP level 4. HP: 33/42 MP: 4/4
  1209 | D:2      | Found a sparkling altar of Nemelex Xobeh.
  1380 | D:2      | Reached skill level 6 in Unarmed Combat
  1470 | D:2      | Found an ancient bone altar of Kikubaaqudgha.
  1863 | D:3      | Reached XP level 5. HP: 46/49 MP: 5/5
  2308 | D:3      | Found a snail-covered altar of Cheibriados.
  2348 | D:3      | Became a worshipper of Cheibriados the Contemplative
  2348 | D:3      | Reached * piety under Cheibriados
  2348 | D:3      | Reached ** piety under Cheibriados
  2414 | D:3      | Reached skill level 7 in Unarmed Combat
  2433 | D:3      | Reached XP level 6. HP: 38/56 MP: 6/6
  2723 | D:4      | Found a glowing drain.
  2787 | Sewer    | Entered a sewer
  3186 | D:4      | Found a glowing golden altar of the Shining One.
  3392 | D:4      | Reached *** piety under Cheibriados
  3392 | D:4      | Reached skill level 5 in Stealth
  3392 | D:4      | Reached XP level 7. HP: 62/62 MP: 7/7
  3693 | D:5      | Entered Level 5 of the Dungeon
  3696 | D:5      | Noticed Eustachio
  3907 | D:5      | Killed Eustachio
  3907 | D:5      | Reached skill level 8 in Unarmed Combat
  4106 | D:5      | Found a radiant altar of Vehumet.
  4109 | D:5      | Found an opulent altar of Gozag.
  4200 | D:5      | Found a staircase to the Ecumenical Temple.
  4200 | D:5      | Noticed Blork the orc
  4218 | D:5      | Killed Blork the orc
  4308 | D:5      | Reached XP level 8. HP: 67/69 MP: 8/8
  4328 | D:5      | Reached skill level 9 in Unarmed Combat
  4371 | D:5      | Found a shattered altar of Ashenzari.
  4608 | D:5      | Found a blossoming altar of Fedhas.
  4972 | D:6      | Reached **** piety under Cheibriados
  5013 | D:6      | Reached skill level 10 in Unarmed Combat
  5254 | D:6      | Found a deep blue altar of Sif Muna.
  5256 | D:6      | Found a shimmering altar of Xom.
  5497 | D:6      | Noticed a moth of wrath
  5499 | D:6      | Found a bloodstained altar of Trog.
  5659 | D:7      | Reached skill level 11 in Unarmed Combat
  5659 | D:7      | Reached XP level 9. HP: 75/75 MP: 9/9
  6052 | D:7      | Reached ***** piety under Cheibriados
  6228 | D:7      | Found a shadowy altar of Dithmenos.
  6331 | D:7      | Found a white marble altar of Elyvilon.
  6562 | D:7      | Reached skill level 12 in Unarmed Combat
  7086 | D:8      | Noticed Nicoed's ghost (novice DrTm)
  7095 | D:8      | Killed Nicoed's ghost
  7095 | D:8      | Reached skill level 13 in Unarmed Combat
  7095 | D:8      | Reached XP level 10. HP: 34/84 MP: 4/10
  7160 | D:8      | Reached skill level 14 in Unarmed Combat
  7543 | D:8      | Noticed Joseph
  7558 | D:8      | Killed Joseph
  8035 | D:8      | Reached ****** piety under Cheibriados
  8079 | D:8      | Found a sparkling altar of Nemelex Xobeh.
  8232 | D:9      | Noticed Erica
  8261 | D:9      | Reached skill level 15 in Unarmed Combat
  8309 | D:9      | Noticed Psyche
  8322 | D:9      | HP: 3/84 [Erica/wand of cold (11)]
  8325 | D:9      | Killed Erica
  8325 | D:9      | Reached XP level 11. HP: 24/90 MP: 6/11
  8494 | D:9      | Killed Psyche
  9001 | D:9      | Reached skill level 16 in Unarmed Combat
  9384 | D:10     | Entered Level 10 of the Dungeon
  9603 | D:10     | Reached skill level 1 in Invocations
  9767 | D:10     | Noticed Erolcha
  9775 | D:10     | Killed Erolcha
  9775 | D:10     | Reached skill level 1 in Armour
  9775 | D:10     | Reached skill level 1 in Shields
  9860 | D:10     | Noticed Statics's ghost (journeyman MiFi)
 10161 | D:11     | Noticed Maurice
 10389 | D:11     | Noticed a hill giant
 10406 | D:11     | Killed a hill giant
 10534 | D:11     | Mangled by a spiny frog

Action                   |  1- 3 |  4- 6 |  7- 9 | 10-12 || total
-------------------------+-------+-------+-------+-------++-------
Melee: Unarmed           |   113 |   198 |   244 |   315 ||   870
Throw: Stone             |     1 |       |    10 |     8 ||    19
Invok: Slouch            |       |       |     1 |     1 ||     2
 Abil: Spit Poison       |     9 |    29 |    30 |    78 ||   146
  Use: Scroll            |       |    11 |       |       ||    11
       Potion            |       |       |     3 |     2 ||     5
 Stab: Sleeping          |     3 |     4 |     6 |     1 ||    14
       Distracted        |       |       |       |     1 ||     1
  Eat: Chunk             |       |     7 |    11 |    13 ||    31
